 Dungeon Crawl Stone Soup version 0.22-a0-443-g17c3723 (webtiles) character file.

483606 PegasusDuck the Sorcerer (level 23, -42/138 HPs)
             Began as a Deep Elf Ice Elementalist on May 31, 2018.
             Was the Champion of Ashenzari.
             Annihilated by Cillenleila the pandemonium lord (51 damage)
             ... on level 6 of a ziggurat on June 1, 2018.
             The game lasted 04:52:14 (90282 turns).

PegasusDuck the Sorcerer (DEIE)                    Turns: 90282, Time: 04:52:15

Health: -42/138    AC: 19    Str:  5    XL:     23   Next: 46%
Magic:  0/50       EV: 25    Int: 38    God:    Ashenzari [******]
Gold:   4070       SH: 17    Dex: 18    Spells: 2/64 levels left

rFire    + . .     SeeInvis +   a - staff of cold (curse)
rCold    + . .     Gourm    .   r - +4 shield {reflect} (curse)
rNeg     . . .     Faith    +   c - +3 leather armour {rF+}
rPois    +         Spirit   .   G - +2 helmet (curse)
rElec    +         Reflect  +   e - +0 cloak of the Sixty-Six Spirits {rElec Regen+ Int+2} (curse)
rCorr    .         Harm     .   A - +1 pair of gloves of the Thinker {Int+5} (curse)
MR       +++..     Clarity  +   O - +1 pair of boots of the Thistle {rPois Dex+3} (curse)
Stlth    +++++++...             g - amulet of faith (curse)
HPRegen  0.73/turn              p - ring of protection from magic (curse)
MPRegen  0.32/turn              l - +5 ring of protection (curse)

@: about to teleport, very slightly contaminated, hasted and slowed, studying
Short Blades
A: no striking features
}: 3/15 runes: barnacled, silver, gossamer
a: Curse Item, Scrying, Transfer Knowledge, Renounce Religion


You were on level 6 of a ziggurat.
You worshipped Ashenzari.
Ashenzari was exalted by your worship.
You were not hungry.

You visited 9 branches of the dungeon, and saw 44 of its levels.
You visited the Abyss 1 time.
You visited 1 ziggurat, and saw 6 of its levels.
You also visited: Sewer, Ossuary, Ice Cave and Wizlab.

You collected 5321 gold pieces.
You spent 1251 gold pieces at shops.

Inventory:

Hand Weapons
 b - a +4 dagger
 d - the +8 hunting sling of Reaqadaku {flame, *Drain rF++ rC+ Dex+3}
   (You found it on level 5 of the Vaults)

   It causes projectiles fired from it to burn those they strike, causing extra
   injury to most foes and up to half again as much damage against particularly
   susceptible opponents.
   It affects your dexterity (+3).
   It greatly protects you from fire.
   It protects you from cold.
   It causes draining when unequipped.
Armour
 c - a +3 leather armour of fire resistance (worn)
 e - the cursed +0 cloak of the Sixty-Six Spirits (worn) {rElec Regen+ Int+2}
   (You found it in a wizard's laboratory)

   It affects your intelligence (+2).
   It insulates you from electricity.
   It increases your rate of regeneration.
   It has a curse placed upon it.
 r - a cursed +4 shield of reflection (worn)
 A - the cursed +1 pair of gloves of the Thinker (worn) {Int+5}
   (You acquired it on level 7 of the Dungeon)

   It affects your intelligence (+5).
   It has a curse placed upon it.
 G - a cursed +2 helmet (worn)
 O - the cursed +1 pair of boots of the Thistle (worn) {rPois Dex+3}
   (You acquired it on level 2 of the Lair of Beasts)

   It affects your dexterity (+3).
   It protects you from poison.
   It has a curse placed upon it.
Magical Staves
 a - a cursed staff of cold (weapon)
 P - an uncursed staff of energy
Jewellery
 g - a cursed amulet of faith (around neck)
 h - an uncursed ring of poison resistance
 l - a cursed +5 ring of protection (right hand)
 p - a cursed ring of protection from magic (left hand)
 q - an uncursed ring of fire
 u - an uncursed ring of protection from cold
 R - an uncursed ring of resist corrosion
 V - an uncursed ring of positive energy
 X - an uncursed ring of magical power
Wands
 t - a wand of clouds (6)
 y - a wand of digging (41)
 z - a wand of paralysis (3)
 J - a wand of scattershot (1)
 Q - a wand of disintegration (12)
 U - a wand of flame (105)
 Y - a wand of acid (13)
Scrolls
 m - 8 scrolls of teleportation
 s - 21 scrolls of magic mapping
 v - a scroll of holy word
 x - 4 scrolls of remove curse
 H - a scroll of silence
 I - 4 scrolls of amnesia
 K - 12 scrolls of enchant weapon
 L - 4 scrolls of immolation
 M - 16 scrolls of identify
 N - a scroll of fog
 W - a scroll of brand weapon
 Z - a scroll of fear
Potions
 i - 14 potions of curing
 j - 3 potions of magic
 n - 3 potions of haste
 o - 8 potions of brilliance
 w - 4 potions of lignification
 B - 4 potions of cancellation
 C - 3 potions of mutation
 E - 4 potions of agility
 F - a potion of resistance
 S - 9 potions of flight
Books
 T - a manual of Short Blades
Miscellaneous
 k - a phial of floods
Comestibles
 f - 32 rations


   Skills:
 - Level 12.4 Fighting
 - Level 8.1(11.1) Staves
 - Level 16.5(19.0) Dodging
 - Level 17.6(20.0) Stealth
 - Level 12.3(15.0) Shields
 - Level 21.0 Spellcasting
 + Level 15.1(19.1) Conjurations
 - Level 5.0(9.4) Charms
 - Level 8.6(13.0) Summonings
 - Level 5.5(10.0) Necromancy
 - Level 15.0(19.0) Translocations
 + Level 15.1(19.1) Ice Magic
 - Level 9.7(14.0) Air Magic
 - Level 3.1(7.0) Earth Magic
 - Level 4.5(10.0) Evocations


You had 2 spell levels left.
You knew the following spells:

 Your Spells              Type           Power        Failure   Level  Hunger
a - Malign Gateway        Summ/Tloc      ########..   1%          7    None
b - Throw Frost           Conj/Ice       ######       0%          2    None
c - Throw Icicle          Conj/Ice       ########     0%          4    None
d - Ozocubu's Armour      Chrm/Ice       ########     0%          3    None
e - Glaciate              Conj/Ice       ########..   41%         9    #####..
f - Freezing Cloud        Conj/Ice/Air   ########..   1%          6    None
g - Regeneration          Chrm/Necr      #######...   1%          3    None
h - Blink                 Tloc           N/A          0%          2    None
j - Simulacrum            Ice/Necr       ########..   1%          6    None
k - Borgnjor's Vile Clut  Necr/Erth      #######...   1%          5    None
l - Controlled Blink      Tloc           N/A          3%          8    ##.....
o - Orb of Destruction    Conj           ########..   1%          7    None

Your spell library contained the following spells:

 Spells                   Type           Power        Failure   Level  Hunger
 Cause Fear               Hex            #####.....   9%          4    None
 Magic Dart               Conj           ####         0%          1    None
 Apportation              Tloc           ######       0%          1    None
 Conjure Flame            Conj/Fire      #######.     1%          3    None
 Lightning Bolt           Conj/Air       ########..   1%          5    None
 Bolt of Magma            Conj/Fire/Erth #######...   1%          5    None
 Slow                     Hex            #####...     1%          2    None
 Mephitic Cloud           Conj/Pois/Air  #######.     1%          3    None
 Ring of Flames           Chrm/Fire      ######....   75%         7    None
 Venom Bolt               Conj/Pois      #######...   1%          5    None
 Olgreb's Toxic Radiance  Pois           #####...     9%          4    None
 Death's Door             Chrm/Necr      #######...   78%         8    ##.....
 Lehudib's Crystal Spear  Conj/Erth      #######...   34%         8    ##.....
 Fire Storm               Conj/Fire      #######...   100%        9    #####..
 Animate Dead             Necr           N/A          1%          4    None
 Haunt                    Necr/Summ      #######...   9%          7    None
 Borgnjor's Revivificati  Necr           #######...   75%         8    ##.....
 Freeze                   Ice            ####         0%          1    None
 Sticky Flame             Conj/Fire      #######.     1%          4    None
 Summon Ice Beast         Ice/Summ       ########     0%          4    None
 Call Imp                 Summ           #######.     0%          2    None
 Poison Arrow             Conj/Pois      #######...   3%          6    None
 Sting                    Conj/Pois      ####         1%          1    None
 Summon Demon             Summ           #######...   1%          5    None
 Iron Shot                Conj/Erth      #######...   1%          6    None
 Shock                    Conj/Air       ####         0%          1    None
 Swiftness                Chrm/Air       #######.     0%          2    None
 Recall                   Summ/Tloc      N/A          0%          3    None
 Spider Form              Tmut/Pois      #####.....   2%          3    None
 Blade Hands              Tmut           #####.....   22%         5    None
 Statue Form              Tmut/Erth      ######...    34%         6    None
 Ice Form                 Ice/Tmut       ########     1%          4    None
 Necromutation            Tmut/Necr      ######....   100%        8    ##.....
 Death Channel            Necr           #######...   2%          6    None
 Deflect Missiles         Chrm/Air       #######...   1%          6    None
 Airstrike                Air            #######...   1%          4    None
 Shadow Creatures         Summ           N/A          1%          6    None
 Sticks to Snakes         Tmut           #####...     1%          2    None
 Ensorcelled Hibernation  Hex/Ice        ######       1%          2    None
 Silence                  Hex/Air        #######...   1%          5    None
 Shatter                  Erth           #######...   100%        9    #####..
 Dispersal                Tloc           ########..   1%          6    None
 Static Discharge         Conj/Air       ########     0%          3    None
 Chain Lightning          Conj/Air       ########..   9%          8    ##.....
 Portal Projectile        Hex/Tloc       ######       1%          3    None
 Passage of Golubria      Tloc           N/A          0%          4    None
 Leda's Liquefaction      Hex/Erth       ######....   2%          4    None
 Shroud of Golubria       Chrm/Tloc      #######...   0%          2    None
 Aura of Abjuration       Summ           #######...   1%          5    None
 Beastly Appendage        Tmut           #####.       1%          1    None
 Disjunction              Tloc           ########..   3%          8    ##.....
 Dazzling Spray           Conj/Hex       ######       1%          3    None
 Force Lance              Conj/Tloc      ########     0%          4    None
 Infusion                 Chrm           ####         1%          1    None
 Song of Slaying          Chrm           #######.     1%          2    None
 Spectral Weapon          Hex/Chrm       ######..     1%          3    None
 Discord                  Hex            #####.....   100%        8    ##.....
 Summon Forest            Summ/Tloc      ########..   1%          5    None
 Summon Mana Viper        Hex/Summ       #######.     1%          5    None
 Gell's Gravitas          Tloc           ########..   0%          3    None
 Yara's Violent Unravell  Hex/Tmut       #####.....   22%         5    None
 Infestation              Necr           #######...   75%         8    ##.....
 Lesser Beckoning         Tloc           ########..   0%          3    None
 Poisonous Vapours        Pois/Air       ######       1%          2    None
 Ignition                 Fire           #####.....   100%        8    ##.....


Dungeon Overview and Level Annotations

Branches:
Dungeon (15/15)            Temple (0/1) D:4            Lair (5/6) D:11
 Shoals (4/4) Lair:2       Spider (4/4) Lair:2        Slime (3/5) Lair:5
    Orc (2/2) D:9             Elf (3/3) Orc:2        Vaults (5/5) D:13
  Crypt (0/3) Vaults:2     Depths (3/5) D:15

Altars:
Ashenzari
Cheibriados
Elyvilon
Okawaru
Qazlal
Sif Muna
Trog
The Shining One
Jiyva

Shops:
D:6 !%   D:10 }   D:14 (   Orc:2 !(:(   Elf:3 }=}=   Shoals:3 }   Depths:1 *%

Portals:
Hell: Depths:1 Depths:2 Depths:3
Abyss: Depths:3
Pandemonium: Depths:3

Annotations:
D:3 exclusions: door and zombie
D:6 xccam's ghost, novice DsGl
Lair:1 exclusion: downstairs
Spider:4 exclusion: torpor snail
Orc:1 Urug
Elf:2 3 runed doors, Louise


Message History

Cillenleila completely misses you. Cillenleila misses you.
As you read the scroll of teleportation, it crumbles to dust.
You feel strangely unstable.
The lindwurm changes into a deep troll!
The Killer Klown squeezes you but does no damage.
You block Cillenleila's attack. You block the red ugly thing's attack.
You block the Killer Klown's attack. Cillenleila completely misses you.
Unknown command.
The deep troll changes into a two-headed ogre!
You block Cillenleila's attack.
The Killer Klown pantomimes your execution.
You block the Killer Klown's attack. Cillenleila hits you!
* * * LOW HITPOINT WARNING * * *
You feel your power leaking away.
There is an empty arch of ancient stone, spattered with blood here.
You feel yourself speed up. The Killer Klown karate-kicks you!
* * * LOW HITPOINT WARNING * * *
You are engulfed in flames!
You resist.
* * * LOW HITPOINT WARNING * * *
Cillenleila hits you!!!
You die...

**▓▓▓▓▓▓*
....... *
▓▓.......▓▓▓▓
*,............▓
*,)...........▓
*∩[..........u▓
?:.......up@▓
[........T&.▓ *
............▓
*,....O.......▓
*▓▓.......▓▓▓▓
▓.......▓
▓▓▓▓▓▓▓▓▓


You could see Cillenleila, a Killer Klown, an iron troll, 2 ugly things and a
two-headed ogre shaped shifter.

Vanquished Creatures
  2 ancient liches (Vaults:5)
  Bai Suzhen (Shoals:3)
  Margery (Depths:1)
  Nikola (Spider:4)
  2 golden dragons (Vaults:5)
  Jory (Depths:3)
  Arachne (Spider:4)
  Jorgrun (Depths:2)
  2 tentacled monstrosities (Vaults:5)
  A lich (Vaults:5)
  Rupert (Lair:4)
  Asterion (Spider:3)
  2 deep elf master archers (Elf:3)
  2 deep elf blademasters (Elf:3)
  4 krakens (Shoals:3)
  A quicksilver dragon (Vaults:5)
  An acid blob (Slime:2)
  Kirke (Spider:2)
  6 shadow dragons
  5 sphinxes
  An eldritch tentacle (WizLab)
  8 tengu reavers
  A storm dragon (Vaults:5)
  9 fire giants
  Donald (Spider:4)
  13 vault wardens
  5 ghost moths
  An iron dragon (Depths:1)
  3 deep elf sorcerers
  6 frost giants
  4 emperor scorpions (Spider:4)
  3 deep elf elementalists (Elf:3)
  An orc warlord (Vaults:5)
  Louise (Elf:2)
  An angel (WizLab)
  4 very ugly things
  13 ironheart preservers
  A draconian shifter (WizLab)
  5 vampire knights
  7 stone giants
  2 entropy weavers
  6 deep elf demonologists
  5 deep elf annihilators
  A green draconian (WizLab)
  2 spark wasps (Spider:4)
  Snorg (Lair:4)
  5 deep elf death magi
  An eidolon (WizLab)
  9 ettins
  Josephine (D:13)
  A merfolk javelineer (Shoals:4)
  10 fire dragons
  8 deep elf high priests
  3 rakshasas
  4 merfolk impalers
  15 yaktaur captains
  19 vault guards
  6 great orbs of eyes
  A hydra (shapeshifter) (Vaults:5)
  A spriggan air mage (Depths:3)
  5 hydras
  7 ice dragons
  A hell beast (Depths:3)
  An alligator snapping turtle (Shoals:4)
  3 merfolk avatars
  Erica (D:8)
  13 ogre magi
  A death knight (Vaults:1)
  6 centaur warriors
  5 merfolk aquamancers
  A catoblepas (Lair:2)
  The ghost of PegasusDuck the Thaumaturge, a journeyman DEIE of Sif Muna (D:11)
  2 starcursed masses (WizLab)
  38 two-headed ogres
  13 dancing weapons
  A satyr (Shoals:3)
  7 deep troll shamans
  5 tengu warriors
  2 thrashing horrors (Abyss:2)
  4 deep troll earth magi (Depths:1)
  A spriggan berserker (Depths:3)
  A shock serpent (shapeshifter) (Depths:1)
  A vampire mage (Vaults:2)
  A soul eater (Depths:3)
  Sonja (Lair:3)
  A sun demon (Abyss:2)
  15 deep elf knights
  5 hell knights
  5 shadow wraiths (Depths:3)
  3 unseen horrors
  A salamander mystic (Depths:2)
  A sixfirhy (Depths:3)
  5 skeletal warriors
  6 wizards
  A spriggan druid (Zig:4)
  2 cherubim
  An obsidian statue (WizLab)
  13 sea snakes
  25 deep trolls
  6 flayed ghosts
  2 glowing orange brains
  13 orc knights
  28 orb spiders
  8 ironbrand convokers
  An anaconda skeleton (WizLab)
  4 necromancers
  12 deep elf archers
  10 phantasmal warriors
  An oklob plant (Lair:4)
  39 ugly things
  17 harpies
  27 wolf spiders
  2 shining eyes (Slime:2)
  48 deep elf magi
  2 salamanders (Depths:2)
  15 manticores
  2 worldbinders (WizLab)
  4 moths of wrath
  36 slime creatures
  15 fauns
  9 merfolk sirens
  A human skeleton (Vaults:3)
  A moth of wrath (shapeshifter) (Vaults:5)
  13 cyclopes
  A black mamba (Lair:5)
  A stone giant skeleton (Vaults:3)
  11 vault sentinels
  An elephant (Zig:4)
  A guardian serpent (WizLab)
  An eye of devastation (Slime:2)
  5 water nymphs
  A black mamba (shapeshifter) (Vaults:1)
  An orange demon (WizLab)
  7 gargoyles
  A storm dragon simulacrum (Vaults:3)
  8 spiny frogs
  A torpor snail (Spider:2)
  A demonspawn skeleton (WizLab)
  33 yaktaurs
  A kobold demonologist (D:15)
  4 freezing wraiths
  14 demonic crawlers
  An anaconda simulacrum (IceCv)
  5 komodo dragons
  A yaktaur (shapeshifter) (Vaults:1)
  3 tengu conjurers
  24 merfolk
  An ancient zyme (WizLab)
  2 queen bees (shapeshifter)
  29 jumping spiders
  A polar bear (shapeshifter) (Vaults:5)
  A meliai (shapeshifter) (Vaults:3)
  11 trolls
  6 wind drakes
  14 hornets
  9 hippogriffs
  A human simulacrum (Vaults:3)
  A hornet (shapeshifter) (Vaults:3)
  9 dream sheep
  11 snapping turtles
  3 blink frogs (WizLab)
  Sigmund (D:2)
  67 redbacks
  A tarantella (shapeshifter) (Depths:3)
  24 water elementals
  10 shadows
  A spriggan (shapeshifter) (Vaults:4)
  12 wraiths
  A ynoxinul (Depths:3)
  3 air elementals
  A human (Spider:2)
  23 tarantellas
  26 yaks
  A small abomination (Abyss:2)
  7 wyverns
  A yak (shapeshifter) (Vaults:4)
  A human (shapeshifter) (Vaults:3)
  3 fire elementals
  A basilisk (Lair:5)
  A chaos spawn (Depths:3)
  A hungry ghost (D:14)
  9 vampire mosquitoes (Depths:3)
  An iron troll simulacrum (IceCv)
  A steam dragon (Lair:3)
  2 harpy simulacra (IceCv)
  A yaktaur simulacrum (Vaults:3)
  7 wargs
  2 insubstantial wisps (WizLab)
  A soldier ant (shapeshifter) (Depths:2)
  2 acid dragons
  4 spatial vortices (WizLab)
  A hydra simulacrum (IceCv)
  5 water moccasins
  A hell hound (WizLab)
  25 orc warriors
  9 porcupines
  A swamp drake (Zig:1)
  5 phantoms
  4 large abominations
  4 sky beasts
  A black bear (D:7)
  10 ice beasts
  2 eyes of draining
  8 centaurs
  48 ogres
  12 boggarts
  10 crocodiles
  A centaur (shapeshifter) (Vaults:5)
  A big kobold (D:10)
  4 earth elementals
  18 bullfrogs
  An elf skeleton (D:7)
  An ogre simulacrum (Vaults:1)
  A wyvern zombie (D:11)
  3 wyvern skeletons
  11 scorpions
  10 wights
  7 killer bees
  An electric eel (Spider:1)
  5 howler monkeys
  3 lava snakes (Lair:2)
  5 crimson imps
  A bullfrog zombie (D:5)
  5 centaur zombies
  3 quasits
  5 bullfrog skeletons
  A gnoll shaman (D:3)
  4 jellies
  20 orc wizards
  17 orc priests
  5 hounds
  2 human zombies
  An iron imp (Abyss:2)
  Jessica (D:2)
  3 centaur skeletons
  3 iguanas
  10 worker ants
  A big kobold zombie (Ossuary)
  A mummy (Ossuary)
  A worker ant zombie (D:7)
  Robin (D:3)
  5 gnolls (D:3)
  22 adders
  3 river rats (Sewer)
  2 scorpion zombies (Ossuary)
  2 shadow imps
  6 oozes
  An adder skeleton (D:6)
  4 worms
  3 dart slugs
  7 leopard geckos
  92 orcs
  11 ball pythons (Sewer)
  7 giant cockroaches
  3 gnoll zombies (Ossuary)
  19 goblins
  13 hobgoblins
  4 jackals
  8 kobolds
  3 quokkas
  7 bats
  7 frilled lizards
  2 goblin zombies (Ossuary)
  A hobgoblin zombie (Ossuary)
  A jackal skeleton (D:8)
  2 kobold zombies (Ossuary)
  2 leopard gecko zombies
  2 orc skeletons (D:7)
  2 orc zombies (Ossuary)
  32 rats
  A fungus (Lair:4)
  A lurking horror (WizLab)
  5 plants
  A tentacle (Shoals:3)
1774 creatures vanquished.

Vanquished Creatures (collateral kills)
  A tentacled monstrosity (Vaults:5)
  A shadow dragon (Vaults:5)
  A fire giant (Vaults:5)
  A deep elf sorcerer (Elf:3)
  Ilsuiw (Shoals:4)
  A vault warden (Vaults:5)
  An ironheart preserver (Vaults:5)
  A war gargoyle (D:14)
  An entropy weaver (Zig:3)
  A stone giant (Vaults:4)
  3 very ugly things (Depths:3)
  A deep elf annihilator (Elf:3)
  A spark wasp (Spider:3)
  A merfolk javelineer (Shoals:4)
  A merfolk impaler (Shoals:4)
  A yaktaur captain (Vaults:4)
  A deep elf high priest (Vaults:5)
  An ogre mage (Vaults:4)
  6 vault guards
  A merfolk avatar (Shoals:4)
  An alligator snapping turtle (Shoals:4)
  A merfolk aquamancer (Shoals:4)
  A deep troll shaman (Vaults:5)
  A death knight (Vaults:5)
  6 two-headed ogres (Vaults:4)
  2 dancing weapons
  A deep troll (Vaults:5)
  An ironbrand convoker (Vaults:4)
  3 harpies (Shoals:4)
  An ugly thing (Depths:3)
  A cyclops (D:11)
  A black mamba (Lair:5)
  2 merfolk sirens (Shoals:4)
  2 gargoyles (D:14)
  A yaktaur zombie (Zig:2)
  A freezing wraith (Vaults:5)
  A rime drake (shapeshifter) (Vaults:4)
  3 merfolk (Shoals:4)
  A troll (Vaults:4)
  A wind drake (Shoals:4)
  A hornet (Zig:3)
  4 slime creatures (D:15)
  2 redbacks
  A hippogriff (Lair:3)
  5 water elementals
  5 yaks
  2 wraiths (Vaults:5)
  3 ogres
  2 crocodiles
  An elf zombie (D:7)
  An elf skeleton (D:7)
  2 killer bees
  A wight (D:7)
  A human simulacrum (Vaults:3)
  A hound (D:8)
  A hound skeleton (D:11)
  A mummy (Ossuary)
  A scorpion zombie (Ossuary)
  An orc (D:9)
  2 plants (Shoals:4)
97 creatures vanquished.

Vanquished Creatures (others)
  8 eldritch tentacles
  2 stone giants
  2 yaktaur captains
  3 centaur warriors
  A deep elf archer (Vaults:4)
  4 yaktaurs
  An orc warrior (Vaults:5)
  An ogre (Vaults:5)
  A hound (D:8)
  A mummy (Ossuary)
  A scorpion zombie (Ossuary)
  A shadow imp (D:8)
  5 fungi
  22 plants
  41 tentacles (Shoals:3)
94 creatures vanquished.

Grand Total: 1965 creatures vanquished

Notes
Turn   | Place    | Note
-------+----------+-------------------------------------------
     0 | D:1      | PegasusDuck the Deep Elf Ice Elementalist began the quest for the Orb.
     0 | D:1      | Reached XP level 1. HP: 10/10 MP: 6/6
   453 | D:1      | Reached XP level 2. HP: 11/15 MP: 5/8
   751 | D:1      | Learned a level 2 spell: Throw Frost
  1163 | D:1      | Reached XP level 3. HP: 19/19 MP: 9/9
  1674 | D:2      | Reached skill level 5 in Ice Magic
  1711 | D:2      | Noticed Sigmund
  2009 | D:3      | Reached skill level 1 in Shields
  2009 | D:3      | Reached XP level 4. HP: 15/24 MP: 5/10
  2422 | D:3      | Reached XP level 5. HP: 27/28 MP: 0/11
  2764 | D:3      | Found a shattered altar of Ashenzari.
  2768 | D:3      | Found a deep blue altar of Sif Muna.
  2838 | D:3      | Became a worshipper of Ashenzari the Shackled
  3106 | D:3      | Found a stormy altar of Qazlal.
  3393 | D:4      | Reached XP level 6. HP: 20/32 MP: 0/12
  3837 | D:4      | Learned a level 4 spell: Throw Icicle
  3895 | D:4      | Found a staircase to the Ecumenical Temple.
  4519 | D:4      | Reached skill level 5 in Shields
  4540 | D:4      | Reached XP level 7. HP: 20/36 MP: 2/13
  4829 | D:4      | Noticed Robin
  4878 | D:3      | Killed Robin
  5194 | D:5      | Entered Level 5 of the Dungeon
  5213 | D:5      | Found a white marble altar of Elyvilon.
  5406 | D:5      | Reached * piety under Ashenzari
  5423 | D:5      | Found a bloodstained altar of Trog.
  5732 | D:5      | Found a glowing drain.
  5752 | Sewer    | Entered a sewer
  5898 | Sewer    | Reached skill level 4 in Spellcasting
  5898 | Sewer    | Reached skill level 5 in Conjurations
  6830 | Sewer    | Reached XP level 8. HP: 41/41 MP: 15/17
  6839 | Sewer    | Reached skill level 5 in Spellcasting
  7159 | D:2      | Killed Sigmund
  7310 | D:2      | Noticed Jessica
  7311 | D:2      | Killed Jessica
  7311 | D:2      | Reached skill level 6 in Spellcasting
  7525 | D:6      | Found Izum's Food Boutique.
  7535 | D:6      | Noticed a hornet
  7542 | D:6      | Killed a hornet
  8194 | D:6      | Noticed xccam's ghost (novice DsGl)
  8508 | D:6      | Learned a level 3 spell: Ozocubu's Armour
  8577 | D:6      | Found Zezucav's Distillery.
  8580 | D:6      | Bought a potion of magic for 96 gold pieces
  8631 | D:6      | Reached skill level 1 in Charms
  8996 | D:6      | Reached XP level 9. HP: 26/45 MP: 0/20
 10631 | D:7      | Found a sand-covered staircase.
 10640 | Ossuary  | Entered an ossuary
 11082 | Ossuary  | Reached skill level 5 in Charms
 11921 | Ossuary  | Identified a scroll of acquirement
 11980 | D:7      | Got the cursed pair of gloves of the Thinker {Int+5}
 11986 | D:7      | Identified the cursed +1 pair of gloves of the Thinker {Int+5} (You acquired it on level 7 of the Dungeon)
 11991 | D:7      | Learned a level 4 spell: Summon Ice Beast
 12011 | D:7      | Reached skill level 1 in Summonings
 12237 | D:7      | Reached ** piety under Ashenzari
 12691 | D:7      | Reached skill level 7 in Spellcasting
 12918 | D:8      | Noticed Erica
 13153 | D:8      | Killed Erica
 13153 | D:8      | Reached skill level 9 in Spellcasting
 13153 | D:8      | Reached XP level 10. HP: 37/50 MP: 1/25
 13302 | D:8      | Found a snail-covered altar of Cheibriados.
 13519 | D:8      | Found an iron altar of Okawaru.
 13717 | D:8      | Reached skill level 10 in Spellcasting
 13845 | D:8      | Reached skill level 1 in Fighting
 13926 | D:8      | Paralysed by a hornet for 2 turns
 14778 | D:9      | Found a staircase to the Orcish Mines.
 15250 | D:9      | Reached *** piety under Ashenzari
 15931 | D:10     | Entered Level 10 of the Dungeon
 16419 | D:10     | Found Ytta's Gadget Boutique.
 16425 | D:10     | Reached skill level 5 in Dodging
 17201 | D:11     | Reached **** piety under Ashenzari
 17247 | D:11     | Reached skill level 5 in Fighting
 17310 | D:11     | Noticed PegasusDuck's ghost (journeyman DEIE)
 17311 | D:11     | oh it's me haha
 17339 | D:11     | Found a staircase to the Lair.
 17344 | Lair:1   | Entered Level 1 of the Lair of Beasts
 17537 | Lair:1   | Identified the +4 glaive of Tension {flame, rElec SInv Stlth+}
 17765 | Lair:1   | Noticed a spiny frog
 17767 | Lair:1   | Killed a spiny frog
 17767 | Lair:1   | Reached XP level 11. HP: 64/64 MP: 18/27
 18165 | Lair:2   | Noticed a catoblepas
 18362 | Lair:2   | Found a hole to the Spider Nest.
 18421 | Lair:2   | Killed a catoblepas
 18646 | Lair:2   | Got the cursed pair of boots of the Thistle {rPois Dex+3}
 18657 | Lair:2   | Identified the cursed +1 pair of boots of the Thistle {rPois Dex+3} (You acquired it on level 2 of the Lair of Beasts)
 18727 | Lair:2   | Noticed a four-headed hydra
 18731 | Lair:2   | Killed a four-headed hydra
 18798 | Lair:2   | Reached skill level 5 in Stealth
 19038 | Lair:2   | Found a staircase to the Shoals.
 19471 | Lair:2   | Reached ***** piety under Ashenzari
 20095 | Lair:3   | Reached skill level 11 in Spellcasting
 20436 | Lair:3   | Reached skill level 12 in Spellcasting
 20437 | Lair:3   | Noticed Sonja
 20770 | Lair:3   | Killed Sonja
 20770 | Lair:3   | Reached XP level 12. HP: 65/70 MP: 22/30
 20869 | Lair:3   | Reached skill level 13 in Spellcasting
 21460 | Lair:4   | Noticed Snorg
 21511 | Lair:4   | Noticed Rupert
 21682 | D:11     | Killed PegasusDuck's ghost
 22066 | D:11     | Reached skill level 14 in Spellcasting
 22756 | D:12     | Reached ****** piety under Ashenzari
 22785 | D:12     | Reached skill level 15 in Spellcasting
 22935 | D:12     | Found a glowing golden altar of the Shining One.
 23007 | D:12     | Noticed a six-headed hydra
 23220 | D:12     | Killed a six-headed hydra
 23740 | D:13     | Noticed a yaktaur captain
 23981 | Orc:1    | Entered Level 1 of the Orcish Mines
 24347 | Orc:2    | Entered Level 2 of the Orcish Mines
 24619 | Orc:2    | Noticed a stone giant
 24785 | Orc:2    | Killed a stone giant
 24790 | Orc:2    | Noticed an ettin
 24796 | Orc:2    | Killed an ettin
 25102 | Orc:2    | Reached XP level 13. HP: 80/80 MP: 6/34
 25551 | Orc:2    | Reached skill level 10 in Fighting
 26161 | Orc:2    | Found a staircase to the Elven Halls.
 26432 | Orc:2    | Found Byick's Weapon Emporium.
 26606 | Orc:2    | Found Giceugh's Antique Weapon Shoppe.
 26611 | Orc:2    | Found Zyoday's Distillery.
 26622 | Orc:2    | Found Uzoar Xaxt's Book Shoppe.
 26632 | Orc:2    | Bought a book of Clouds for 675 gold pieces
 26639 | Orc:2    | Learned a level 6 spell: Freezing Cloud
 26817 | Orc:1    | Noticed Urug
 26877 | Orc:2    | Reached skill level 1 in Air Magic
 27003 | Elf:1    | Entered Level 1 of the Elven Halls
 27335 | Elf:1    | Reached skill level 5 in Air Magic
 28142 | Elf:1    | Identified the +5 rapier "Ipu Ost" {vamp, +Fly rN+ MR- Stlth+}
 28362 | Elf:1    | Reached XP level 14. HP: 90/90 MP: 13/35
 28562 | Elf:1    | Reached skill level 16 in Spellcasting
 29752 | Elf:1    | Reached skill level 17 in Spellcasting
 30977 | Elf:2    | Reached skill level 18 in Spellcasting
 31038 | Elf:2    | Learned a level 3 spell: Regeneration
 31192 | Elf:2    | Noticed Louise
 31223 | Elf:2    | Found a runed gate.
 31224 | Elf:2    | Found a runed gate.
 31224 | Elf:2    | Found a runed gate.
 31389 | Elf:2    | Noticed a deep elf sorcerer
 32139 | Spider:1 | Entered Level 1 of the Spider Nest
 32597 | Spider:1 | Reached skill level 19 in Spellcasting
 33929 | Spider:1 | Noticed an entropy weaver
 33933 | Spider:1 | Killed an entropy weaver
 33933 | Spider:1 | Reached XP level 15. HP: 95/95 MP: 10/40
 34892 | Spider:2 | Reached skill level 10 in Conjurations
 34960 | Spider:2 | Reached skill level 1 in Staves
 35594 | Spider:2 | Noticed Kirke
 35716 | Spider:2 | Killed Kirke
 36129 | Spider:3 | Noticed Asterion
 36582 | Spider:3 | Found a frozen archway.
 36587 | IceCv    | Entered an ice cave
 38161 | Spider:4 | Entered Level 4 of the Spider Nest
 38161 | Spider:4 | Noticed Nikola
 38255 | Shoals:1 | Entered Level 1 of the Shoals
 38259 | Shoals:1 | Reached skill level 10 in Ice Magic
 38413 | Shoals:1 | Learned a level 2 spell: Blink
 40475 | Shoals:2 | Learned a level 3 spell: Mephitic Cloud
 40982 | Shoals:2 | Reached XP level 16. HP: 91/101 MP: 17/41
 42023 | Shoals:3 | Found Jiggiopi's Gadget Emporium.
 42086 | Shoals:3 | Bought a phantom mirror for 480 gold pieces
 42171 | Shoals:3 | Noticed Bai Suzhen
 42187 | Shoals:3 | Noticed a kraken
 42194 | Shoals:3 | Noticed a kraken
 42445 | Shoals:4 | Entered Level 4 of the Shoals
 43435 | Shoals:4 | Noticed Ilsuiw
 43775 | Shoals:3 | Reached skill level 5 in Staves
 44009 | Shoals:3 | Identified the Almanac of the Harmful Snowflakes
 44082 | Shoals:3 | Learned a level 7 spell: Orb of Destruction
 44198 | Shoals:3 | Identified the +3 chain mail of the Pit {rElec rPois MR- SInv} (You took it off an orc on level 6 of the Dungeon)
 44656 | D:13     | Noticed Josephine
 44666 | D:13     | Killed Josephine
 45240 | D:13     | Found a gate to the Vaults.
 46583 | Elf:2    | Cast into level 2 of the Abyss (Louise)
 46664 | Abyss:2  | Found a shattered altar of Ashenzari.
 46977 | Elf:2    | Escaped the Abyss
 46981 | Elf:2    | Killed Louise
 47479 | Elf:2    | Identified the -1 hat "Wolu" {rPois Regen+ Int+4 SInv}
 47917 | Elf:3    | Entered Level 3 of the Elven Halls
 47976 | Elf:3    | Found a magical portal.
 47980 | WizLab   | Entered The Roulette of Golubria
 47980 | WizLab   | Found a transporter.
 47987 | WizLab   | Found a corrupted altar of Lugonu.
 48168 | WizLab   | Found a transporter.
 48375 | WizLab   | Found a transporter.
 48408 | WizLab   | Found a transporter.
 48413 | WizLab   | Found a corrupted altar of Lugonu.
 48622 | WizLab   | Found a transporter.
 48652 | WizLab   | Found a transporter.
 48842 | WizLab   | Found a transporter.
 49183 | WizLab   | Found a transporter.
 49183 | WizLab   | Found a transporter.
 49332 | WizLab   | Found a transporter.
 49332 | WizLab   | Found a transporter.
 49505 | WizLab   | Found a transporter.
 49505 | WizLab   | Found a transporter.
 49509 | WizLab   | Reached XP level 17. HP: 104/106 MP: 21/42
 49649 | WizLab   | Found a transporter.
 49649 | WizLab   | Found a transporter.
 49657 | WizLab   | Reached skill level 10 in Dodging
 50096 | WizLab   | Found a transporter.
 50096 | WizLab   | Found a transporter.
 50348 | WizLab   | Identified the +0 cloak of the Sixty-Six Spirits {rElec Regen+ Int+2}
 50357 | WizLab   | Found a transporter.
 50486 | WizLab   | Identified Golubria's Guide on the Voyage
 50490 | WizLab   | Found a transporter.
 50517 | WizLab   | Identified the Compendium of the Voyage
 50642 | Elf:3    | Noticed a deep elf blademaster
 50643 | Elf:3    | Identified the +5 rapier "Qohaucli" {pierce, rF- Int+3 SInv}
 50647 | Elf:3    | Identified the +4 chain mail "Epiobouts" {-Tele Int+7}
 50655 | Elf:3    | Noticed a deep elf master archer
 50657 | Elf:3    | Identified the cursed ring of Xom's Recklessness {EV-3 Dex+2}
 50662 | Elf:3    | Noticed a deep elf master archer
 50663 | Elf:3    | Found Bis Buz's Jewellery Emporium.
 50665 | Elf:3    | Found Qoeff's Gadget Boutique.
 50666 | Elf:3    | Found Xonaics Zaax's Gadget Boutique.
 51127 | Elf:3    | Found Ximaucse's Jewellery Shop.
 52089 | Elf:3    | Noticed a deep elf blademaster
 52164 | Elf:3    | Identified the cursed +1 halberd "Pendulum" {freeze, rF+ Stlth+} (You took it off a deep elf death mage on level 3 of the Elven Halls)
 52200 | Elf:3    | Killed a deep elf master archer
 52391 | Elf:3    | Killed a deep elf blademaster
 52900 | Elf:3    | Killed a deep elf blademaster
 52904 | Elf:3    | Killed a deep elf master archer
 53181 | Elf:3    | Identified the Almanac of the Arsonist and the Snowflakes
 53261 | Elf:3    | Reached skill level 10 in Shields
 53928 | Spider:4 | Killed Nikola
 54053 | Spider:3 | Killed Asterion
 55217 | Spider:4 | Reached XP level 18. HP: 112/112 MP: 26/43
 55434 | Spider:4 | Noticed Donald
 55438 | Spider:4 | Killed Donald
 56375 | Spider:4 | Noticed Arachne
 56390 | Spider:4 | Killed Arachne
 58120 | Spider:4 | Got a gossamer rune of Zot
 58844 | Shoals:3 | Reached skill level 10 in Stealth
 59033 | Shoals:3 | Killed Bai Suzhen
 60474 | Shoals:4 | Learned a level 6 spell: Simulacrum
 60551 | Shoals:4 | Reached skill level 1 in Necromancy
 61151 | Shoals:4 | Reached skill level 5 in Necromancy
 61161 | Shoals:4 | Killed Ilsuiw
 61467 | Shoals:4 | Got a barnacled rune of Zot
 61719 | Shoals:3 | Learned a level 5 spell: Borgnjor's Vile Clutch
 61805 | Lair:4   | Killed Rupert
 61805 | Lair:4   | Reached skill level 1 in Earth Magic
 61805 | Lair:4   | Reached XP level 19. HP: 104/116 MP: 11/44
 62066 | Lair:4   | Killed Snorg
 62743 | Lair:5   | Found a staircase to the Slime Pits.
 62821 | Lair:5   | Found a viscous altar of Jiyva.
 63296 | Slime:1  | Entered Level 1 of the Pits of Slime
 64841 | Vaults:1 | Entered Level 1 of the Vaults
 65283 | Vaults:1 | Identified the +3 ice dragon scales of Fedhas's Hope {rF- rC++ MR++ MP+9 Int-4 Dex+4} (You took it off an orc on level 1 of the Vaults)
 66313 | Vaults:1 | Reached skill level 15 in Dodging
 67533 | Vaults:2 | Found a staircase to the Crypt.
 69253 | Vaults:2 | Reached skill level 20 in Spellcasting
 69938 | Vaults:2 | Reached XP level 20. HP: 84/122 MP: 5/46
 70156 | Vaults:3 | Reached skill level 1 in Translocations
 70556 | Vaults:3 | Reached skill level 5 in Translocations
 72492 | Vaults:4 | Learned a level 8 spell: Controlled Blink
 72516 | Vaults:4 | Reached skill level 10 in Translocations
 75027 | Vaults:4 | Reached XP level 21. HP: 127/127 MP: 27/47
 75324 | Vaults:4 | Learned a level 7 spell: Malign Gateway
 75325 | Vaults:5 | Entered Level 5 of the Vaults
 75608 | Vaults:4 | Reached skill level 5 in Summonings
 76745 | Vaults:5 | Reached skill level 15 in Translocations
 77920 | Vaults:5 | Identified the +7 shortbow of Etwimim {velocity, -Tele MR++ Dex+5}
 78110 | Vaults:5 | Noticed an ancient lich
 78145 | Vaults:5 | Identified the +8 hunting sling of Reaqadaku {flame, *Drain rF++ rC+ Dex+3}
 78145 | Vaults:5 | Noticed a golden dragon
 78155 | Vaults:5 | Killed an ancient lich
 78342 | Vaults:5 | Got a silver rune of Zot
 78369 | Vaults:5 | Reached skill level 15 in Stealth
 78671 | Vaults:5 | Killed a golden dragon
 79060 | Vaults:5 | Reached XP level 22. HP: 119/132 MP: 25/48
 79227 | Vaults:5 | Found the +3 giant club "Skullcrusher" {speed, Str+7}
 79439 | Vaults:5 | Identified the +1 pair of boots of the Lizard {*Slow rF++ Int+6}
 79786 | Vaults:5 | Noticed an ancient lich
 79808 | Vaults:5 | Killed an ancient lich
 80698 | Vaults:5 | Noticed a golden dragon
 80704 | Vaults:5 | Killed a golden dragon
 80851 | Vaults:5 | Identified the +6 short sword of Honesty {distort, *Corrode +Inv MR+++ Int+2} (You took it off a yaktaur captain on level 5 of the Vaults)
 81587 | D:14     | Found Xontuefi's Antique Weapon Boutique.
 81655 | D:15     | Entered Level 15 of the Dungeon
 82266 | D:15     | Found a staircase to the Depths.
 82356 | Depths:1 | Entered Level 1 of the Depths
 82392 | Depths:1 | Noticed Margery
 82804 | Depths:1 | Reached skill level 21 in Spellcasting
 83084 | Depths:1 | Found Foahish's Pet Rocks.
 83108 | Depths:1 | Killed Margery
 83274 | Depths:1 | Found a gateway to Hell.
 83759 | Depths:1 | Identified the +5 scimitar of Ostrobuh {flame, Str+2}
 84041 | Depths:1 | Found Tyijusaj's Food Emporium.
 84359 | Depths:1 | Learned a level 9 spell: Glaciate
 84948 | Depths:2 | Noticed Jorgrun
 84956 | Depths:2 | Killed Jorgrun
 86066 | Depths:3 | Found a gateway to a ziggurat.
 86069 | Depths:3 | Reached XP level 23. HP: 132/138 MP: 28/50
 86908 | Depths:3 | Found a one-way gate leading to the halls of Pandemonium.
 87779 | Depths:3 | Found a one-way gate to the infinite horrors of the Abyss.
 88363 | Depths:3 | Found a shattered altar of Ashenzari.
 89181 | Depths:3 | Noticed Jory
 89189 | Depths:3 | Killed Jory
 89423 | Depths:3 | Identified the +1 hand axe of Guile {chop, rF+}
 89665 | Zig:1    | Entered Level 1 of a ziggurat
 89668 | Zig:1    | Reached skill level 15 in Ice Magic
 89836 | Zig:2    | Entered Level 2 of a ziggurat
 89846 | Zig:2    | Reached skill level 15 in Conjurations
 89869 | Zig:3    | Entered Level 3 of a ziggurat
 89883 | Zig:3    | Identified the +7 mace of Sequestration {venom, Int+4}
 90068 | Zig:4    | Entered Level 4 of a ziggurat
 90181 | Zig:5    | Entered Level 5 of a ziggurat
 90194 | Zig:6    | Entered Level 6 of a ziggurat
 90270 | Zig:6    | Noticed Cillenleila the pandemonium lord
 90271 | Zig:6    | Identified the +2 cloak of the Spheres {rF+++ MR- MP+9 Str-4}
 90271 | Zig:6    | Identified the +7 hand axe of the Common Good {antimagic, rF- Str-2 Int+8 SInv}
 90271 | Zig:6    | Noticed a Killer Klown
 90282 | Zig:6    | Annihilated by Cillenleila the pandemonium lord

Vault maps used:
D:1:      lightli_arrival_quake, serial_forest, infiniplex_forest_clump_long,
          infiniplex_forest_clump_tiny, infiniplex_forest_corner_1,
          infiniplex_forest_clump_small, infiniplex_forest_straight_4,
          infiniplex_forest_zigzag_2, infiniplex_forest_straight_2,
          minmay_split_cup_small
D:2:      first_ration, minmay_misc_feat_tiny, uniq_jessica, uniq_sigmund
D:3:      grunt_temple_overflow_open, nicolae_qazlal_eye_of_the_storm
D:4:      minmay_temple_entry_statues_fountains, item_on_display_a, uniq_robin
D:5:      lemuel_crystal_altar, portal_sewer_entry_f, bloody_trog
D:6:      minmay_opposing_rooms, serial_shops, nicolae_shop_trees,
          nicolae_shop_behind_doors
D:7:      nicolae_ossuary_entry_catacombs
D:8:      nicolae_overflow_crystal_walls, lemuel_crystal_altar,
          hangedman_little_slice_of_home, minmay_misc_feat_encased, uniq_erica
D:9:      erik_orc_4
D:10:     serial_shops, nicolae_shop_crystal
D:11:     lair_entry_dummy
D:12:     basic_altar, minmay_misc_feat_alley
D:13:     david_vaults_2, pf_eden, uniq_josephine
D:14:     gargoyle_guard, serial_shops, shop, minivault_19,
          hangedman_abyss_or_decor_stagger
D:15:     grunt_enter_depths_snipers, hangedman_abyss_or_decor_jellyfish_corner
Lair:1:   serial_forest, infiniplex_forest_diagonal,
          infiniplex_forest_clump_cross, infiniplex_forest_clump_double,
          infiniplex_forest_straight_4, infiniplex_forest_straight_2,
          infiniplex_forest_straight_2, infiniplex_forest_zigzag_1,
          infiniplex_forest_straight_5, infiniplex_forest_end_1,
          infiniplex_forest_lined_3_way, st_stairs_8
Lair:2:   minmay_shoals_entry_beasts, nicolae_spider_entry_tight_spaces,
          st_stairs_6, disabler_island
Lair:3:   serial_bayou_crossing, uniq_sonja
Lair:4:   uniq_rupert, uniq_snorg
Lair:5:   slime_altar_1, beast_lair_carwin_1
Shoals:3: serial_shops, nicolae_shop_waterfront, nicolae_shoals_kraken_party,
          uniq_bai_suzhen
Shoals:4: shoals_end_hangedman, shoals_ilsuiw_ice, uniq_ilsuiw
Spider:1: spider_trap, nicolae_spider_webbed_stairs
Spider:2: uniq_kirke
Spider:3: portal_ice_cave_entry_pillars_four, uniq_asterion
Spider:4: johnstein_spider_rune_arachne_lair, uniq_nikola, uniq_arachne,
          uniq_donald
Slime:2:  cheibrodos_slime_lost_civilization_8
Orc:1:    uniq_urug
Orc:2:    st_orc_open
Elf:1:    minmay_elf_crystal_pentagon, evilmike_minifort
Elf:2:    serial_sigils_hangedman_etch, basic_loot_grate_trap, uniq_louise
Elf:3:    elf_hall_gauntlet_narrow, serial_shops, nicolae_shop_behind_doors,
          mu_enter_wizlab_7, minmay_shop_grove
Vaults:1: hangedman_vaults_restitches, nicolae_vaults_network_square,
          ontoclasm_vaults_pinch, vaults_room_hallway, v_misc_10,
          vaults_mumra_minichess_inversion, v_pattern_4, v_misc_28,
          grunt_vaults_focal, ontoclasm_vaults_hangar
Vaults:2: minmay_crypt_entry_simple_sparse, v_alt_pattern_3,
          hangedman_vaults_restitches, vaults_room_fours, v_rooms_4, v_misc_4,
          v_pattern_2, ontoclasm_vaults_chip, vaults_room_glass_cross,
          nicolae_vaults_ring_of_whatevers, vaults_room_grid,
          ontoclasm_vaults_bender
Vaults:3: nicolae_vaults_alarming, ontoclasm_vaults_ring_square, v_rooms_4,
          v_misc_10, hangedman_vaults_pinch,
          vaults_standard_mumra_enter_the_diamond, v_misc_5,
          ontoclasm_vaults_twist
Vaults:4: vaults_room_hallway, v_rooms_6, hangedman_vaults_stretched_pinwheel,
          vaults_room_hallway, v_misc_33, nicolae_vaults_murderbox, v_misc_13,
          vaults_mumra_lcd, v_misc_26, hangedman_vaults_corner_blocks,
          vaults_room_large_hall, ontoclasm_vaults_hangar,
          vaults_room_stairs_pillars
Vaults:5: serial_shops
Depths:1: grunt_metal_band, hangedman_decor_slide_cut, serial_shops, shop,
          guppyfry_shop_earth
Depths:2: wad_lake_hut, hangedman_abyss_or_decor_clamps, hell_entry,
          dk_noncrumbling_4, uniq_jorgrun
Depths:3: due_jory_tower, enter_ziggurat_a, grunt_decor_clamped,
          rand_demon_pan_entry_7, nicolae_abyss_entry_one_way_or_another,
          hell_entry, hangedman_abyss_or_decor_slice, grunt_ministairs_10,
          nicolae_ashenzari_panopticon, infiniplex_staircase_star,
          serial_bayou_shore_b
Zig:5:    ziggurat_pillar_centre_oklobs
Sewer:    sewer_minmay_w
Ossuary:  ossuary_minmay_scorpions
IceCv:    ice_cave_statue_garden_chambered
WizLab:   wizlab_golubria

Skill      XL: |  1  2  3  4  5  6  7  8  9 10 11 12 13 14 15 16 17 18 19 20 21 22 23 |
---------------+----------------------------------------------------------------------+-----
Ice Magic      | 4 5 6 8 9 10 11 13 15 | 15.1
Shields        | 1 2 3 5 6 11 12 | 12.3
Conjurations   | 2 5 7 8 9 11 13 15 | 15.1
Spellcasting   | 4 6 9 10 12 15 19 20 21 | 21.0
Charms         | 2 5 |  5.0
Summonings     | 3 8 |  8.6
Fighting       | 5 6 9 11 12 | 12.4
Dodging        | 6 7 9 11 12 16 | 16.5
Stealth        | 7 12 15 17 | 17.6
Evocations     | 2 4 |  4.5
Air Magic      | 5 6 8 9 |  9.7
Staves         | 4 8 |  8.1
Necromancy     | 5 |  5.5
Earth Magic    | 1 3 |  3.1
Translocations | 13 15 | 15.0

Action                   |  1- 3 |  4- 6 |  7- 9 | 10-12 | 13-15 | 16-18 | 19-21 | 22-24 || total
-------------------------+-------+-------+-------+-------+-------+-------+-------+-------++-------
Melee: Dagger            |    25 |    35 |   131 |       |       |       |       |       ||   191
       Staff             |       |       |    66 |    37 |    52 |   259 |   448 |   195 ||  1057
 Cast: Freeze            |    54 |    92 |   202 |    77 |     8 |     3 |       |       ||   436
       Throw Frost       |     4 |    16 |    93 |   102 |    27 |    13 |     3 |     1 ||   259
       Throw Icicle      |       |       |    64 |   247 |   436 |   499 |   312 |   259 ||  1817
       Ozocubu's Armour  |       |       |     8 |    15 |    97 |   113 |    34 |    17 ||   284
       Summon Ice Beast  |       |       |     4 |    28 |    12 |    16 |       |       ||    60
       Freezing Cloud    |       |       |       |       |   110 |   129 |   100 |    26 ||   365
       Regeneration      |       |       |       |       |     1 |     6 |     2 |     1 ||    10
       Blink             |       |       |       |       |     7 |    19 |     5 |     4 ||    35
       Orb of Destructio |       |       |       |       |       |   109 |   105 |   100 ||   314
       Mephitic Cloud    |       |       |       |       |       |    10 |     1 |       ||    11
       Simulacrum        |       |       |       |       |       |    10 |    24 |     8 ||    42
       Borgnjor's Vile C |       |       |       |       |       |     2 |   148 |    63 ||   213
       Malign Gateway    |       |       |       |       |       |       |     3 |     6 ||     9
       Controlled Blink  |       |       |       |       |       |       |     2 |     4 ||     6
Invok: Curse Item        |       |     2 |     4 |     1 |     2 |     1 |     2 |     1 ||    13
       Scrying           |       |       |       |       |       |     4 |     1 |       ||     5
Evoke: Wand              |       |       |    21 |    10 |    23 |    30 |     8 |     2 ||    94
       Phantom mirror    |       |       |       |       |       |     1 |       |       ||     1
       Box of beasts     |       |       |       |       |       |     2 |       |     1 ||     3
  Use: Scroll            |     2 |     8 |    17 |    10 |    15 |    15 |     9 |    11 ||    87
       Potion            |       |     1 |     3 |     3 |     9 |     6 |     2 |     3 ||    27
 Stab: Sleeping          |     2 |       |     2 |       |       |     1 |     6 |     3 ||    14
       Distracted        |       |       |     2 |       |       |     2 |     2 |       ||     6
       Held in net/web   |       |       |       |       |     1 |     1 |       |       ||     2
       Paralysed         |       |       |       |       |     1 |       |       |       ||     1
  Eat: Chunk             |     2 |     6 |    14 |    16 |    25 |    37 |    26 |    21 ||   147
       Ration            |       |     1 |     6 |     6 |     7 |     9 |     9 |     4 ||    42
Armor: Robe              |    31 |    12 |    81 |    41 |    93 |    47 |       |       ||   305
       Leather armour    |       |       |       |       |       |    67 |    83 |    40 ||   190
Dodge: Dodged            |    39 |    41 |   137 |   100 |   162 |   323 |   313 |   167 ||  1282
       Deflected         |       |       |       |       |    17 |    23 |       |       ||    40
Block: Shield            |    15 |    49 |   224 |   114 |   185 |   318 |   292 |   154 ||  1351
       Reflection        |       |       |       |       |       |       |    45 |    13 ||    58

Table legend:
 A = Spawn XP
 B = Non-spawn XP
 C = Spawn XP percentage of total XP
 D = Spawn monster count
 E = Non-spawn monster count
 F = Spawn count percentage of total count
 G = Total turns spent on level
                    A         B        C        D         E        F      G
               +---------+---------+-------+---------+---------+-------+---------
         Total |    2786 |  906229 |   0.3 |       4 |    1870 |   0.2 | 90282
               +---------+---------+-------+---------+---------+-------+---------
           D:1 |       0 |      48 |   0.0 |       0 |      28 |   0.0 |  1613
           D:2 |       0 |     354 |   0.0 |       0 |      17 |   0.0 |   706
           D:3 |       0 |     241 |   0.0 |       0 |      34 |   0.0 |  1917
           D:4 |       0 |     678 |   0.0 |       0 |      40 |   0.0 |  1311
           D:5 |       0 |     231 |   0.0 |       0 |      18 |   0.0 |  1186
           D:6 |       0 |    1588 |   0.0 |       0 |      30 |   0.0 |  2687
           D:7 |       0 |     794 |   0.0 |       0 |      21 |   0.0 |   853
           D:8 |       0 |    2546 |   0.0 |       0 |      33 |   0.0 |  1462
           D:9 |       0 |    1583 |   0.0 |       0 |      35 |   0.0 |  1711
          D:10 |       0 |     599 |   0.0 |       0 |      11 |   0.0 |  1109
          D:11 |       0 |    3926 |   0.0 |       0 |      26 |   0.0 |  1305
          D:12 |       0 |    5372 |   0.0 |       0 |      27 |   0.0 |  1502
          D:13 |       0 |    7689 |   0.0 |       0 |      21 |   0.0 |  1182
          D:14 |       0 |   10679 |   0.0 |       0 |      26 |   0.0 |  1313
          D:15 |       0 |    5943 |   0.0 |       0 |      16 |   0.0 |   701
        Lair:1 |       0 |     802 |   0.0 |       0 |       4 |   0.0 |  1185
        Lair:2 |       0 |    8538 |   0.0 |       0 |      34 |   0.0 |  2640
        Lair:3 |       0 |    5224 |   0.0 |       0 |      27 |   0.0 |  1483
        Lair:4 |       0 |    5865 |   0.0 |       0 |      11 |   0.0 |   380
        Lair:5 |       0 |    9605 |   0.0 |       0 |      40 |   0.0 |  1169
      Shoals:1 |       0 |   18581 |   0.0 |       0 |      37 |   0.0 |  2061
      Shoals:2 |       0 |   12377 |   0.0 |       0 |      28 |   0.0 |  2047
      Shoals:3 |       0 |   32039 |   0.0 |       0 |      40 |   0.0 |  3123
      Shoals:4 |       0 |   30830 |   0.0 |       0 |      65 |   0.0 |  2109
      Spider:1 |       0 |   16702 |   0.0 |       0 |      51 |   0.0 |  2810
      Spider:2 |       0 |   12491 |   0.0 |       0 |      31 |   0.0 |  1367
      Spider:3 |       0 |    9947 |   0.0 |       0 |      19 |   0.0 |  1700
      Spider:4 |       0 |   57079 |   0.0 |       0 |     105 |   0.0 |  3911
       Slime:1 |       0 |    1271 |   0.0 |       0 |       3 |   0.0 |   152
       Slime:2 |       0 |    9989 |   0.0 |       0 |      23 |   0.0 |   741
         Orc:1 |       0 |    1047 |   0.0 |       0 |      12 |   0.0 |   680
         Orc:2 |       0 |   20099 |   0.0 |       0 |      65 |   0.0 |  2450
         Elf:1 |       0 |   20969 |   0.0 |       0 |      38 |   0.0 |  3456
         Elf:2 |       0 |   22333 |   0.0 |       0 |      32 |   0.0 |  2603
         Elf:3 |       0 |   45126 |   0.0 |       0 |      42 |   0.0 |  2922
      Vaults:1 |       0 |   36030 |   0.0 |       0 |      68 |   0.0 |  2739
      Vaults:2 |       0 |   40683 |   0.0 |       0 |      63 |   0.0 |  3076
      Vaults:3 |       0 |   50917 |   0.0 |       0 |      96 |   0.0 |  1930
      Vaults:4 |       0 |   81335 |   0.0 |       0 |     121 |   0.0 |  4219
      Vaults:5 |       0 |  145331 |   0.0 |       0 |     114 |   0.0 |  4512
      Depths:1 |       0 |   51127 |   0.0 |       0 |      52 |   0.0 |  2246
      Depths:2 |       0 |   24634 |   0.0 |       0 |      39 |   0.0 |  1723
      Depths:3 |       0 |   59778 |   0.0 |       0 |      85 |   0.0 |  3340
       Abyss:2 |    2786 |    2307 |  54.7 |       4 |       5 |  44.4 |   394
         Zig:1 |       0 |    1104 |   0.0 |       0 |       2 |   0.0 |   171
         Zig:2 |       0 |    1347 |   0.0 |       0 |       3 |   0.0 |    33
         Zig:3 |       0 |    3348 |   0.0 |       0 |       4 |   0.0 |   199
         Zig:4 |       0 |    2773 |   0.0 |       0 |       7 |   0.0 |   113
         Sewer |       0 |     340 |   0.0 |       0 |      48 |   0.0 |  1233
       Ossuary |       0 |     651 |   0.0 |       0 |      26 |   0.0 |  1336
         IceCv |       0 |    3303 |   0.0 |       0 |      12 |   0.0 |   813
        WizLab |       0 |   18036 |   0.0 |       0 |      35 |   0.0 |  2553
               +---------+---------+-------+---------+---------+-------+---------
